 Dungeon Crawl Stone Soup version 0.23-a0-315-ga85b81c (webtiles) character file.

523 Amnesiac the Sneak (level 7, -4/55 HPs)
             Began as a Deep Dwarf Earth Elementalist on Oct 13, 2018.
             Slain by an ogre
             ... wielding a +0 giant club
              (14 damage)
             ... on level 5 of the Dungeon.
             The game lasted 00:09:04 (3257 turns).

Amnesiac the Sneak (Deep Dwarf Earth Elementalist)  Turns: 3257, Time: 00:09:05

Health: -4/55      AC:  3    Str: 13 (16) XL:     7   Next: 2%
Magic:  0/9        EV: 12    Int: 15 (17) God:
Gold:   229        SH:  4    Dex: 10 (13) Spells: 3/10 levels left

rFire    . . .     SeeInvis .   e - +0 dagger
rCold    . . .     Gourm    .   a - +0 buckler
rNeg     . . .     Faith    .   g - +1 robe of Noon {rPois MR+}
rPois    +         Spirit   .   (no helmet)
rElec    .         Reflect  .   (no cloak)
rCorr    .         Harm     .   (no gloves)
MR       ++...     Rnd*Tele +   (no boots)
Stlth    ++++......             (no amulet)
HPRegen  0.00/turn              k - +4 ring of strength
MPRegen  0.11/turn              (no ring)

@: non-regenerating
A: damage resistance, heal wounds, claws 1, camouflage 1, low mp 1, sense
surroundings 1, teleportitis 1, no regeneration
a: Heal Wounds


You were on level 5 of the Dungeon.
You were not hungry.

You visited 1 branch of the dungeon, and saw 5 of its levels.
You also visited: Sewer.

You collected 229 gold pieces.

Inventory:

Hand Weapons
 e - a +0 dagger (weapon)
Missiles
 b - 39 stones (quivered)
Armour
 a - a +0 buckler (worn)
 g - the +1 robe of Noon (worn) {rPois MR+}
   (You found it on level 4 of the Dungeon)

   It protects you from poison.
   It affects your resistance to hostile enchantments.
Jewellery
 h - an uncursed ring of ice
 k - a +4 ring of strength (left claw)
Scrolls
 c - a scroll of magic mapping {!r, unknown}
 f - a scroll of teleportation {!r, unknown}
 j - a scroll of amnesia {!r}
 m - a scroll of silence {!r, unknown}
Potions
 i - 8 potions of flight {!q}
 n - a potion of curing {!q}
Comestibles
 d - 2 rations
 l - 2 chunks of flesh


   Skills:
 - Level 2.0 Short Blades
 - Level 2.1 Dodging
 + Level 6.1 Stealth
 - Level 4.1 Shields
 - Level 2.0 Spellcasting
 - Level 0.8 Transmutations
 + Level 6.0 Earth Magic


You had 3 spell levels left.
You knew the following spells:

 Your Spells              Type           Power        Failure   Level  Hunger
a - Sandblast             Erth           ###...       1%          1    #......
b - Passwall              Tmut/Erth      ##......     9%          2    ###....
e - Petrify               Tmut/Erth      ##......     47%         4    #####..

Your spell library contained the following spells:

 Spells                   Type           Power        Failure   Level  Hunger
 Stone Arrow              Conj/Erth      ##....       19%         3    ###....
 Lee's Rapid Deconstruct  Erth           ###.......   45%         5    ######.


Dungeon Overview and Level Annotations

Branches:
Dungeon (5/15)
 Temple: D:4-7

Altars:
Cheibriados
Makhleb
Ru
Trog

Annotations:
D:2 Sigmund


Innate Abilities, Weirdness & Mutations

You are resistant to damage.
You can heal yourself by infusing magical energy.
You passively map a small area around you.
You do not regenerate.
You have sharp fingernails.
Your skin changes colour to match your surroundings (Stealth+).
Your magical capacity is low. (-10% MP)
You are occasionally teleported next to monsters.


Message History

You hit the jackal.
The jackal is almost dead.
The jackal barely misses you.
You barely miss the jackal.
The jackal is almost dead.
The jackal barely misses you.
You closely miss the jackal.
The jackal is almost dead.
The jackal barely misses you.
You barely miss the jackal.
The jackal is almost dead.
You block the jackal's attack. The jackal bites you.
You hit the jackal.
You kill the jackal!
The jackal misses you.
You feel much better. The jackal closely misses you.
Casting: Sandblast (safe; 1% risk of failure)
Confirm with . or Enter, or press ? or * to list all spells.
Aiming: Sandblast (safe; 1% risk of failure)
Press: ? - help, Shift-Dir - straight line, f - jackal
Aim: a jackal The blast of sand hits the jackal.
You kill the jackal!
b - 43 stones
Casting: Sandblast (safe; 1% risk of failure)
Confirm with . or Enter, or press ? or * to list all spells.
Aiming: Sandblast (safe; 1% risk of failure)
Press: ? - help, Shift-Dir - straight line, f - ogre
Aim: an ogre, wielding a giant club The blast of sand hits the ogre.
The ogre is heavily wounded.
b - 42 stones The ogre closely misses you.
You see here a great sword.
Casting: Sandblast (safe; 1% risk of failure)
Confirm with . or Enter, or press ? or * to list all spells.
Aiming: Sandblast (safe; 1% risk of failure)
Press: ? - help, Shift-Dir - straight line, f/p - ogre
Aim: an ogre, wielding a giant club (heavily wounded)
The blast of sand hits the ogre.
The ogre is severely wounded.
b - 41 stones Unknown command.
The ogre hits you with a giant club!!
* * * LOW HITPOINT WARNING * * *
Casting: Sandblast (safe; 1% risk of failure)
Confirm with . or Enter, or press ? or * to list all spells.
Aiming: Sandblast (safe; 1% risk of failure)
Press: ? - help, Shift-Dir - straight line, f/p - ogre
Aim: an ogre, wielding a giant club (heavily wounded)
The blast of sand hits the ogre.
The ogre is almost dead.
b - 40 stones Unknown command.
Casting: Sandblast (safe; 1% risk of failure)
Confirm with . or Enter, or press ? or * to list all spells.
Aiming: Sandblast (safe; 1% risk of failure)
Press: ? - help, Shift-Dir - straight line, f/p - ogre
Aim: an ogre, wielding a giant club (almost dead)
The blast of sand hits the ogre.
The ogre is almost dead.
b - 39 stones The ogre hits you with a giant club!
You die...

###### #.#[#
#.........
#.#.#####.....####
#.#...........#
#.################
#.# .... ######
#######.### .###
...... ,
.........รท# * #
...... #######.#.#
, # ###### #@#.#
** #O#.# ,, ,* **
####.#.##### ** ,,
, #....#.....# ,,
, #.########.# ,
#.# #.# , , * #.#
#.# , * * #.# #.#
, #.# #.#


You could see an ogre.

Vanquished Creatures
  Purgy (Sewer)
  An ogre (D:5)
  A bullfrog (D:5)
  A crimson imp (D:5)
  A centaur zombie (D:5)
  A centaur skeleton (D:4)
  2 worker ants
  A hound skeleton (D:4)
  3 adders
  A gnoll (D:1)
  A shadow imp (D:5)
  An ooze (D:1)
  2 worms
  4 leopard geckos (D:4)
  2 orcs
  9 bats
  7 giant cockroaches
  5 hobgoblins
  2 jackals (D:5)
  3 ball pythons
  A ball python skeleton (D:5)
  10 frilled lizards
  4 goblins
  A jackal skeleton (D:4)
  7 kobolds
  4 rats
76 creatures vanquished.

Notes
Turn   | Place    | Note
-------+----------+-------------------------------------------
     0 | D:1      | Amnesiac the Deep Dwarf Earth Elementalist began the quest
                  | for the Orb.
     0 | D:1      | Reached XP level 1. HP: 15/15 MP: 3/3
   156 | D:1      | Reached XP level 2. HP: 17/22 MP: 3/5
   539 | D:1      | Reached XP level 3. HP: 14/28 MP: 6/6
   543 | D:1      | Learned a level 2 spell: Passwall
   688 | D:1      | Reached skill level 1 in Short Blades
  1167 | D:2      | Found a snail-covered altar of Cheibriados.
  1179 | D:2      | Found a faded altar of an unknown god.
  1184 | D:2      | Gained mutation: You have sharp fingernails. [potion of
                  | mutation]
  1184 | D:2      | Gained mutation: You are occasionally teleported next to
                  | monsters. [potion of mutation]
  1184 | D:2      | Gained mutation: Your magical capacity is low. (-10% MP)
                  | [potion of mutation]
  1184 | D:2      | Gained mutation: Your skin changes colour to match your
                  | surroundings (Stealth+). [potion of mutation]
  1272 | D:2      | Noticed Sigmund
  1379 | D:3      | Reached XP level 4. HP: 35/36 MP: 0/6
  1504 | D:4      | Got a brightly glowing robe
  1654 | D:4      | Identified the +1 robe of Noon {rPois MR+} (You found it on
                  | level 4 of the Dungeon)
  1671 | D:4      | Found a glowing drain.
  1710 | Sewer    | Entered a sewer
  1807 | Sewer    | Noticed Purgy
  1882 | Sewer    | Learned a level 4 spell: Petrify
  1889 | Sewer    | Killed Purgy
  1889 | Sewer    | Reached XP level 5. HP: 21/42 MP: 0/7
  2050 | D:4      | Found a burning altar of Makhleb.
  2239 | D:4      | Found a sacrificial altar of Ru.
  2287 | D:4      | Found a bloodstained altar of Trog.
  2638 | D:4      | Reached XP level 6. HP: 39/49 MP: 6/8
  2840 | D:5      | Entered Level 5 of the Dungeon
  2887 | D:5      | Reached skill level 5 in Stealth
  2887 | D:5      | Reached skill level 5 in Earth Magic
  3196 | D:5      | Reached XP level 7. HP: 4/55 MP: 2/9
  3257 | D:5      | Slain by an ogre

Vault maps used:
D:1:      kennysheep_arrival_forest, supply_closet_lemuel,
          kennysheep_decorative_pillar
D:2:      cheibriados_altar_1, chequers_ecumenical_altar_simple, uniq_sigmund
D:3:      first_ration, uniq_grinder, uniq_ijyb
D:4:      lightli_temple_of_fire, nicolae_ru_awakened_eye, bloody_trog,
          portal_sewer_entry_f
D:5:      hangedman_decor_opposing
Sewer:    sewer_co_purgy_island

Skill      XL: |  1  2  3  4  5  6 |
---------------+-------------------+-----
Stealth        | 3 4 6 |  6.1
Spellcasting   | 2 |  2.0
Short Blades   | 2 |  2.0
Shields        | 4 |  4.1
Earth Magic    | 6 |  6.0
Dodging        | |  2.1
Transmutations | |  0.8

Action                   |  1- 3 |  4- 6 |  7- 9 || total
-------------------------+-------+-------+-------++-------
Melee: Unarmed           |    96 |       |       ||    96
       Dagger            |    70 |   137 |    13 ||   220
 Cast: Sandblast         |    26 |    39 |    10 ||    75
       Passwall          |       |     3 |       ||     3
 Abil: Heal Wounds       |       |     2 |     1 ||     3
  Use: Potion            |     4 |     7 |       ||    11
       Scroll            |     2 |       |       ||     2
 Stab: Sleeping          |     9 |    11 |       ||    20
  Eat: Chunk             |     2 |     4 |       ||     6
       Ration            |       |     1 |       ||     1
Armor: Robe              |    90 |    26 |     1 ||   117
Dodge: Dodged            |   169 |    81 |    13 ||   263
Block: Buckler           |       |    18 |     7 ||    25

Table legend:
 A = Non-vault XP
 B = Vault XP
 C = Vault XP percentage of total XP
 D = Non-vault monster count
 E = Vault monster count
 F = Vault count percentage of total count
                 A         B        C        D         E       F
            +---------+---------+-------+---------+---------+-------
      Total |     595 |     153 |  20.5 |      65 |      11 |  14.5
            +---------+---------+-------+---------+---------+-------
        D:1 |      55 |       0 |   0.0 |      22 |       0 |   0.0
        D:2 |      20 |       0 |   0.0 |      12 |       0 |   0.0
        D:3 |      29 |       0 |   0.0 |       7 |       0 |   0.0
        D:4 |     132 |      12 |   8.3 |      11 |       5 |  31.2
        D:5 |     359 |       0 |   0.0 |      13 |       0 |   0.0
      Sewer |       0 |     141 | 100.0 |       0 |       6 | 100.0
            +---------+---------+-------+---------+---------+-------
